[ AOE2 MATCH · #474912810 ]
UnrankedEthiopians vs Khmer
[ REPLAY ANALYSIS · EXTRACTED FROM THE RECORDED GAME ]
Feudal
10:56
Castle
14:47
Imperial
29:13
| APM avg | 45.3 |
| APM peak | 97 |
| eAPM avg | 23.0 |
| Villagers / military | 178 / 55 |
Focus
⚔️ 23.7% · 🌾 76.3%
Spearman ×46 · Mangonel ×6 · Trebuchet (Packed) ×2 · Monk ×1
Feudal
9:25
Castle
16:23
Imperial
28:00
| APM avg | 31.4 |
| APM peak | 69 |
| eAPM avg | 19.1 |
| Villagers / military | 128 / 135 |
Focus
⚔️ 30.0% · 🌾 70.0%
Hand Cannoneer ×126 · Trebuchet (Packed) ×6 · Monk ×2 · Scout Cavalry ×1
Feudal
10:58
Castle
13:53
Imperial
26:29
| APM avg | 36.0 |
| APM peak | 67 |
| eAPM avg | 21.7 |
| Villagers / military | 132 / 92 |
Focus
⚔️ 29.9% · 🌾 70.1%
Scout Cavalry ×57 · Scorpion ×23 · Ballista Elephant ×5 · Trebuchet (Packed) ×5 · Monk ×2 · Unknown (1105) ×1
Feudal
11:04
Castle
17:54
Imperial
30:13
| APM avg | 18.7 |
| APM peak | 31 |
| eAPM avg | 13.7 |
| Villagers / military | 160 / 135 |
Focus
⚔️ 25.5% · 🌾 74.5%
Spearman ×80 · Scorpion ×49 · Bombard Cannon ×3 · Petard ×2 · Trebuchet (Packed) ×1
Match map
Initial resources + every placement click. Lines = walls · curves = elevation contours. ◆ gold · ⬟ stone · ● berries · ✦ relic · ◌ wall gap
Inputs per minute
— Manco 1 - Maupollo - - [GDL] turbojj
Build order — Manco 1 - Maupollo
First 150 of 396 actions detected
| 0:01 | Queue | Villager (Male) ×4 |
| 0:01 | Queue | Villager (Male) ×4 |
| 0:03 | Build | House |
| 0:04 | Build | House |
| 1:24 | Queue | Villager (Male) |
| 1:24 | Queue | Villager (Male) |
| 2:00 | Queue | Villager (Male) |
| 2:00 | Queue | Villager (Male) |
| 2:03 | Build | Lumber Camp |
| 2:19 | Queue | Villager (Male) |
| 2:19 | Queue | Villager (Male) |
| 2:46 | Queue | Villager (Male) |
| 2:47 | Queue | Villager (Male) |
| 3:03 | Queue | Villager (Male) |
| 3:03 | Queue | Villager (Male) |
| 3:35 | Queue | Villager (Male) |
| 3:35 | Queue | Villager (Male) |
| 3:59 | Build | House |
| 4:00 | Build | House |
| 4:00 | Queue | Villager (Male) |
| 4:01 | Queue | Villager (Male) |
| 4:30 | Queue | Villager (Male) |
| 4:30 | Queue | Villager (Male) |
| 4:31 | Queue | Villager (Male) |
| 4:52 | Build | Mill |
| 5:02 | Queue | Villager (Male) |
| 5:02 | Queue | Villager (Male) |
| 5:02 | Queue | Villager (Male) |
| 5:40 | Queue | Villager (Male) |
| 5:40 | Queue | Villager (Male) |
| 5:40 | Queue | Villager (Male) |
| 6:26 | Build | Lumber Camp |
| 6:34 | Queue | Villager (Male) |
| 6:35 | Queue | Villager (Male) |
| 6:36 | Queue | Villager (Male) |
| 6:36 | Queue | Villager (Male) |
| 6:37 | Queue | Villager (Male) |
| 6:38 | Queue | Villager (Male) |
| 6:38 | Queue | Villager (Male) |
| 7:25 | Build | Mill |
| 7:35 | Queue | Villager (Male) |
| 7:35 | Queue | Villager (Male) |
| 7:35 | Queue | Villager (Male) |
| 7:35 | Queue | Villager (Male) |
| 7:36 | Queue | Villager (Male) |
| 8:04 | Build | Farm |
| 8:06 | Build | Farm |
| 8:11 | Queue | Villager (Male) |
| 8:44 | Research | Feudal Age |
| 8:44 | Research | Feudal Age |
| 9:02 | Build | Farm |
| 9:20 | Build | House |
| 10:32 | Queue | Villager (Male) |
| 10:34 | Queue | Villager (Male) |
| 10:56 | Age | Feudal Age |
| 11:14 | Build | Blacksmith |
| 11:17 | Build | Market |
| 12:07 | Research | Castle Age |
| 12:07 | Research | Castle Age |
| 12:33 | Research | Double-Bit Axe |
| 12:34 | Research | Double-Bit Axe |
| 12:35 | Research | Horse Collar |
| 12:35 | Research | Horse Collar |
| 12:44 | Build | House |
| 12:45 | Build | House |
| 14:47 | Age | Castle Age |
| 14:50 | Build | Town Center |
| 14:52 | Build | Town Center |
| 14:52 | Queue | Villager (Male) |
| 15:00 | Research | Bow Saw |
| 15:01 | Research | Heavy Plow |
| 15:23 | Queue | Villager (Male) |
| 15:24 | Queue | Villager (Male) |
| 15:24 | Queue | Villager (Male) |
| 15:45 | Build | Farm |
| 15:50 | Queue | Villager (Male) |
| 15:59 | Queue | Villager (Male) |
| 16:00 | Queue | Villager (Male) |
| 16:01 | Queue | Villager (Male) |
| 16:01 | Research | Loom |
| 16:05 | Build | Farm |
| 16:05 | Build | Farm |
| 16:05 | Build | Farm |
| 16:10 | Queue | Villager (Male) |
| 16:17 | Build | Farm |
| 16:19 | Build | Farm |
| 16:25 | Queue | Villager (Male) |
| 16:25 | Queue | Villager (Male) |
| 16:26 | Queue | Villager (Male) |
| 16:29 | Build | Farm |
| 16:49 | Queue | Villager (Male) |
| 16:49 | Queue | Villager (Male) |
| 16:54 | Build | Farm |
| 17:08 | Queue | Villager (Male) |
| 17:11 | Build | Farm |
| 17:14 | Build | Farm |
| 17:21 | Build | Farm |
| 17:23 | Build | Farm |
| 17:30 | Queue | Villager (Male) |
| 17:31 | Queue | Villager (Male) |
| 17:33 | Build | Farm |
| 17:37 | Build | Farm |
| 17:39 | Build | Farm |
| 17:40 | Build | Farm |
| 17:41 | Queue | Villager (Male) |
| 17:41 | Queue | Villager (Male) |
| 17:44 | Build | Farm |
| 17:45 | Queue | Villager (Male) |
| 17:46 | Queue | Villager (Male) |
| 17:46 | Queue | Villager (Male) |
| 17:56 | Build | Monastery |
| 18:04 | Build | Farm |
| 18:06 | Queue | Villager (Male) |
| 18:06 | Queue | Villager (Male) |
| 18:11 | Queue | Villager (Male) |
| 18:11 | Queue | Villager (Male) |
| 18:20 | Build | Farm |
| 18:22 | Queue | Villager (Male) |
| 18:23 | Queue | Villager (Male) |
| 18:30 | Queue | Villager (Male) |
| 18:31 | Queue | Villager (Male) |
| 18:34 | Build | Farm |
| 18:36 | Queue | Villager (Male) |
| 18:36 | Queue | Villager (Male) |
| 18:41 | Build | Farm |
| 18:43 | Build | Farm |
| 18:47 | Build | Farm |
| 18:48 | Queue | Monk |
| 18:50 | Queue | Villager (Male) |
| 18:50 | Queue | Villager (Male) |
| 18:50 | Queue | Villager (Male) |
| 18:54 | Build | House |
| 18:55 | Build | House |
| 18:56 | Build | House |
| 18:57 | Build | House |
| 18:58 | Build | House |
| 19:12 | Research | Wheelbarrow |
| 19:13 | Queue | Villager (Male) |
| 19:14 | Queue | Villager (Male) |
| 19:14 | Queue | Villager (Male) |
| 19:20 | Build | Farm |
| 19:23 | Build | Farm |
| 19:25 | Build | Farm |
| 19:42 | Queue | Villager (Male) |
| 19:43 | Queue | Villager (Male) |
| 19:43 | Queue | Villager (Male) |
| 19:43 | Queue | Villager (Male) |
| 19:49 | Queue | Villager (Male) |
| 20:01 | Queue | Villager (Male) |
| 20:02 | Queue | Villager (Male) |
Build order — [GDL] turbojj
First 150 of 334 actions detected
| 0:00 | Queue | Villager (Male) |
| 0:01 | Queue | Villager (Male) |
| 0:01 | Queue | Villager (Male) |
| 0:01 | Queue | Villager (Male) |
| 0:02 | Queue | Villager (Male) |
| 0:03 | Build | House |
| 0:07 | Build | House |
| 1:23 | Queue | Villager (Male) |
| 1:23 | Queue | Villager (Male) |
| 1:35 | Queue | Villager (Male) |
| 1:35 | Queue | Villager (Male) |
| 2:01 | Build | Lumber Camp |
| 2:09 | Queue | Villager (Male) |
| 2:09 | Queue | Villager (Male) |
| 2:22 | Queue | Villager (Male) |
| 2:23 | Queue | Villager (Male) |
| 2:49 | Queue | Villager (Male) |
| 2:49 | Queue | Villager (Male) |
| 3:26 | Queue | Villager (Male) |
| 3:26 | Queue | Villager (Male) |
| 3:30 | Build | House |
| 3:32 | Build | House |
| 4:08 | Build | Mill |
| 4:15 | Queue | Villager (Male) |
| 4:15 | Queue | Villager (Male) |
| 4:47 | Queue | Villager (Male) |
| 4:47 | Queue | Villager (Male) |
| 4:47 | Queue | Villager (Male) |
| 5:48 | Queue | Villager (Male) |
| 6:10 | Build | House |
| 6:15 | Build | House |
| 6:21 | Queue | Villager (Male) |
| 6:50 | Queue | Villager (Male) |
| 7:04 | Research | Feudal Age |
| 7:04 | Research | Feudal Age |
| 8:23 | Queue | Villager (Male) |
| 8:23 | Queue | Villager (Male) |
| 8:45 | Build | Mining Camp |
| 8:49 | Build | House |
| 9:22 | Build | Mill |
| 9:25 | Age | Feudal Age |
| 9:47 | Research | Double-Bit Axe |
| 9:59 | Build | Market |
| 10:05 | Queue | Villager (Male) |
| 10:13 | Build | Farm |
| 10:27 | Queue | Villager (Male) |
| 10:39 | Build | Farm |
| 10:50 | Build | Blacksmith |
| 11:04 | Queue | Villager (Male) |
| 11:24 | Build | Farm |
| 11:28 | Queue | Villager (Male) |
| 11:39 | Build | House |
| 11:55 | Build | Farm |
| 11:59 | Build | Farm |
| 12:01 | Queue | Villager (Male) |
| 12:05 | Build | Farm |
| 12:28 | Build | House |
| 12:32 | Build | Farm |
| 12:35 | Build | Farm |
| 12:39 | Queue | Villager (Male) |
| 12:43 | Build | House |
| 13:03 | Build | Farm |
| 13:13 | Build | Farm |
| 13:15 | Queue | Villager (Male) |
| 13:22 | Build | House |
| 13:43 | Research | Castle Age |
| 13:43 | Research | Castle Age |
| 13:59 | Build | House |
| 14:27 | Research | Double-Bit Axe |
| 14:30 | Research | Horse Collar |
| 14:34 | Build | House |
| 15:31 | Queue | Villager (Male) |
| 15:31 | Queue | Villager (Male) |
| 16:23 | Age | Castle Age |
| 16:28 | Build | Town Center |
| 16:37 | Build | Town Center |
| 16:53 | Queue | Villager (Male) |
| 17:20 | Queue | Villager (Male) |
| 17:20 | Queue | Villager (Male) |
| 17:25 | Build | Monastery |
| 17:49 | Queue | Villager (Male) |
| 17:52 | Queue | Monk |
| 17:52 | Queue | Monk |
| 18:00 | Build | Farm |
| 18:01 | Build | Farm |
| 18:19 | Queue | Villager (Male) |
| 18:19 | Queue | Villager (Male) |
| 18:19 | Queue | Villager (Male) |
| 18:19 | Queue | Villager (Male) |
| 18:38 | Queue | Villager (Male) |
| 18:38 | Queue | Villager (Male) |
| 18:39 | Queue | Villager (Male) |
| 18:39 | Queue | Villager (Male) |
| 18:46 | Build | Farm |
| 18:51 | Build | Farm |
| 18:55 | Build | Farm |
| 18:56 | Build | Farm |
| 19:00 | Research | Bow Saw |
| 19:13 | Queue | Villager (Male) |
| 19:13 | Queue | Villager (Male) |
| 19:13 | Queue | Villager (Male) |
| 19:20 | Research | Wheelbarrow |
| 19:21 | Queue | Villager (Male) |
| 19:22 | Queue | Villager (Male) |
| 19:22 | Queue | Villager (Male) |
| 19:32 | Build | Farm |
| 19:35 | Build | Farm |
| 19:40 | Build | Farm |
| 19:53 | Build | Farm |
| 19:56 | Queue | Villager (Male) |
| 19:56 | Queue | Villager (Male) |
| 20:00 | Build | Farm |
| 20:01 | Build | Farm |
| 20:23 | Build | Farm |
| 20:29 | Build | Farm |
| 20:41 | Research | Heavy Plow |
| 20:45 | Build | Farm |
| 20:48 | Build | Farm |
| 21:02 | Build | House |
| 21:02 | Build | House |
| 21:03 | Build | House |
| 21:05 | Queue | Villager (Male) |
| 21:05 | Queue | Villager (Male) |
| 21:06 | Queue | Villager (Male) |
| 21:06 | Queue | Villager (Male) |
| 21:06 | Queue | Villager (Male) |
| 21:18 | Build | Mining Camp |
| 21:25 | Build | Lumber Camp |
| 21:35 | Queue | Villager (Male) |
| 21:36 | Queue | Villager (Male) |
| 21:36 | Queue | Villager (Male) |
| 21:38 | Build | Farm |
| 21:47 | Build | Farm |
| 21:48 | Build | Farm |
| 21:57 | Queue | Villager (Male) |
| 21:58 | Queue | Villager (Male) |
| 21:58 | Queue | Villager (Male) |
| 21:58 | Queue | Villager (Male) |
| 22:00 | Build | Farm |
| 22:14 | Build | Mining Camp |
| 22:17 | Build | House |
| 22:24 | Queue | Villager (Male) |
| 22:25 | Queue | Villager (Male) |
| 22:31 | Build | Farm |
| 22:36 | Queue | Villager (Male) |
| 22:36 | Queue | Villager (Male) |
| 22:41 | Research | Gold Mining |
| 22:43 | Queue | Villager (Male) |
| 22:44 | Queue | Villager (Male) |
| 22:45 | Build | House |
Build order — ShellyBlackJack
First 150 of 369 actions detected
| 0:00 | Queue | Villager (Male) |
| 0:01 | Queue | Villager (Male) |
| 0:02 | Build | House |
| 0:03 | Build | House |
| 0:03 | Queue | Villager (Male) |
| 0:04 | Queue | Villager (Male) |
| 1:22 | Queue | Villager (Male) |
| 1:47 | Build | Lumber Camp |
| 1:57 | Queue | Villager (Male) |
| 2:12 | Queue | Villager (Male) |
| 2:43 | Queue | Villager (Male) |
| 3:23 | Queue | Villager (Male) |
| 3:31 | Queue | Villager (Male) |
| 3:38 | Build | House |
| 3:42 | Queue | Villager (Male) |
| 3:47 | Build | House |
| 4:13 | Queue | Villager (Male) |
| 4:50 | Queue | Villager (Male) |
| 5:00 | Queue | Villager (Male) |
| 5:31 | Build | Mill |
| 5:37 | Queue | Villager (Male) |
| 5:51 | Queue | Villager (Male) |
| 6:05 | Queue | Villager (Male) |
| 6:34 | Queue | Villager (Male) |
| 6:34 | Queue | Villager (Male) |
| 6:39 | Queue | Villager (Male) |
| 7:10 | Build | Farm |
| 7:56 | Build | Mining Camp |
| 8:11 | Build | Farm |
| 8:14 | Queue | Villager (Male) |
| 8:37 | Build | Farm |
| 8:40 | Research | Feudal Age |
| 8:57 | Build | Farm |
| 9:28 | Build | Farm |
| 10:10 | Build | Farm |
| 10:29 | Build | Farm |
| 10:58 | Age | Feudal Age |
| 11:13 | Research | Castle Age |
| 11:49 | Research | Double-Bit Axe |
| 11:50 | Research | Horse Collar |
| 12:08 | Build | House |
| 12:09 | Build | House |
| 12:32 | Queue | Villager (Male) |
| 13:53 | Age | Castle Age |
| 13:56 | Build | Town Center |
| 14:05 | Queue | Villager (Male) |
| 14:06 | Queue | Villager (Male) |
| 14:13 | Queue | Villager (Male) |
| 14:14 | Research | Bow Saw |
| 14:20 | Queue | Villager (Male) |
| 14:30 | Queue | Villager (Male) |
| 14:32 | Research | Heavy Plow |
| 14:34 | Queue | Villager (Male) |
| 14:37 | Queue | Villager (Male) |
| 15:19 | Build | Monastery |
| 15:24 | Queue | Villager (Male) |
| 15:24 | Queue | Villager (Male) |
| 15:27 | Queue | Villager (Male) |
| 15:35 | Queue | Villager (Male) |
| 15:57 | Queue | Villager (Male) |
| 15:57 | Queue | Villager (Male) |
| 16:07 | Queue | Monk |
| 16:08 | Queue | Monk |
| 16:16 | Build | Farm |
| 16:19 | Build | Farm |
| 16:20 | Queue | Villager (Male) |
| 16:23 | Build | House |
| 16:24 | Build | House |
| 16:25 | Build | Palisade Wall |
| 16:26 | Build | Palisade Wall |
| 16:27 | Build | House |
| 16:31 | Queue | Villager (Male) |
| 16:36 | Queue | Villager (Male) |
| 16:41 | Queue | Villager (Male) |
| 16:46 | Build | Farm |
| 16:49 | Build | Farm |
| 16:52 | Queue | Villager (Male) |
| 17:03 | Queue | Villager (Male) |
| 17:07 | Build | Farm |
| 17:07 | Queue | Villager (Male) |
| 17:25 | Build | Farm |
| 17:27 | Queue | Villager (Male) |
| 17:31 | Queue | Villager (Male) |
| 17:38 | Research | Wheelbarrow |
| 17:39 | Queue | Villager (Male) |
| 17:59 | Queue | Villager (Male) |
| 18:01 | Build | Farm |
| 18:03 | Build | Farm |
| 18:05 | Queue | Villager (Male) |
| 18:08 | Build | Mining Camp |
| 18:11 | Build | Lumber Camp |
| 18:13 | Queue | Villager (Male) |
| 18:16 | Build | Lumber Camp |
| 18:20 | Build | House |
| 18:21 | Build | House |
| 18:23 | Queue | Villager (Male) |
| 18:49 | Queue | Villager (Male) |
| 18:54 | Build | House |
| 18:54 | Build | House |
| 18:57 | Build | House |
| 19:09 | Queue | Villager (Male) |
| 19:20 | Queue | Villager (Male) |
| 19:30 | Queue | Villager (Male) |
| 19:38 | Build | Farm |
| 19:39 | Build | Farm |
| 19:39 | Build | Farm |
| 19:39 | Build | Farm |
| 19:39 | Build | Farm |
| 19:40 | Build | Farm |
| 19:40 | Build | Farm |
| 19:40 | Build | Farm |
| 19:43 | Queue | Villager (Male) |
| 19:58 | Queue | Villager (Male) |
| 20:05 | Queue | Villager (Male) |
| 20:27 | Queue | Villager (Male) |
| 20:27 | Queue | Villager (Male) |
| 20:27 | Queue | Villager (Male) |
| 20:28 | Queue | Villager (Male) |
| 20:28 | Queue | Villager (Male) |
| 20:48 | Build | Stable |
| 20:50 | Queue | Villager (Male) |
| 20:58 | Queue | Villager (Male) |
| 21:06 | Queue | Villager (Male) |
| 21:06 | Queue | Villager (Male) |
| 21:08 | Build | Lumber Camp |
| 21:11 | Build | Farm |
| 21:13 | Build | Farm |
| 21:13 | Queue | Villager (Male) |
| 21:15 | Queue | Villager (Male) |
| 21:29 | Queue | Scout Cavalry |
| 21:29 | Queue | Scout Cavalry |
| 21:34 | Queue | Villager (Male) |
| 21:35 | Queue | Villager (Male) |
| 21:39 | Research | Gold Mining |
| 22:20 | Build | Farm |
| 22:21 | Build | Farm |
| 22:21 | Build | Farm |
| 22:21 | Build | Farm |
| 22:35 | Queue | Villager (Male) |
| 22:47 | Build | Farm |
| 22:49 | Build | Farm |
| 22:56 | Queue | Villager (Male) |
| 22:58 | Queue | Villager (Male) |
| 23:04 | Build | Farm |
| 23:06 | Queue | Villager (Male) |
| 23:11 | Research | Imperial Age |
| 23:33 | Build | House |
| 23:34 | Build | House |
| 23:35 | Build | Blacksmith |
| 23:44 | Build | House |
Build order — 4-_-Dreams
First 150 of 293 actions detected
| 0:00 | Queue | Villager (Male) |
| 0:01 | Queue | Villager (Male) |
| 0:01 | Queue | Villager (Male) |
| 0:02 | Build | House |
| 0:04 | Build | House |
| 0:42 | Queue | Villager (Male) |
| 1:27 | Queue | Villager (Male) |
| 1:47 | Build | Lumber Camp |
| 2:03 | Queue | Villager (Male) |
| 2:17 | Queue | Villager (Male) |
| 2:52 | Queue | Villager (Male) |
| 3:00 | Build | House |
| 3:08 | Queue | Villager (Male) |
| 3:36 | Queue | Villager (Male) |
| 3:57 | Queue | Villager (Male) |
| 4:16 | Build | Mill |
| 4:35 | Queue | Villager (Male) |
| 5:09 | Queue | Villager (Male) |
| 5:33 | Queue | Villager (Male) |
| 5:48 | Build | House |
| 5:56 | Queue | Villager (Male) |
| 6:18 | Queue | Villager (Male) |
| 6:24 | Queue | Villager (Male) |
| 7:00 | Queue | Villager (Male) |
| 7:01 | Queue | Villager (Male) |
| 7:01 | Queue | Villager (Male) |
| 8:19 | Queue | Villager (Male) |
| 8:38 | Research | Feudal Age |
| 8:56 | Build | House |
| 9:15 | Queue | Villager (Male) |
| 9:22 | Build | Farm |
| 9:23 | Build | Farm |
| 9:24 | Build | Farm |
| 9:25 | Build | Farm |
| 9:27 | Build | Farm |
| 9:29 | Build | Farm |
| 9:33 | Build | Mining Camp |
| 10:19 | Build | Farm |
| 10:36 | Queue | Villager (Male) |
| 10:49 | Build | Farm |
| 10:57 | Build | Farm |
| 10:58 | Build | Farm |
| 10:59 | Build | Farm |
| 11:01 | Build | Farm |
| 11:04 | Age | Feudal Age |
| 11:12 | Research | Double-Bit Axe |
| 11:40 | Queue | Villager (Male) |
| 11:40 | Queue | Villager (Male) |
| 11:41 | Queue | Villager (Male) |
| 11:50 | Build | House |
| 12:01 | Build | Market |
| 12:03 | Queue | Villager (Male) |
| 12:30 | Build | Blacksmith |
| 12:31 | Queue | Villager (Male) |
| 13:03 | Build | Farm |
| 13:10 | Build | Farm |
| 13:25 | Build | Farm |
| 13:41 | Build | Farm |
| 13:42 | Queue | Villager (Male) |
| 14:07 | Queue | Villager (Male) |
| 14:24 | Research | Loom |
| 14:36 | Build | House |
| 14:37 | Build | House |
| 14:39 | Build | House |
| 14:55 | Build | Farm |
| 15:00 | Research | Castle Age |
| 15:19 | Research | Horse Collar |
| 17:20 | Build | House |
| 17:42 | Queue | Villager (Male) |
| 17:43 | Queue | Villager (Male) |
| 17:43 | Queue | Villager (Male) |
| 17:43 | Queue | Villager (Male) |
| 17:54 | Age | Castle Age |
| 17:59 | Build | Town Center |
| 18:05 | Build | Town Center |
| 18:13 | Build | Town Center |
| 18:17 | Queue | Villager (Male) |
| 18:18 | Research | Bow Saw |
| 18:22 | Research | Heavy Plow |
| 18:33 | Build | House |
| 18:34 | Build | House |
| 18:35 | Build | House |
| 18:51 | Research | Wheelbarrow |
| 18:52 | Queue | Villager (Male) |
| 18:52 | Queue | Villager (Male) |
| 19:13 | Queue | Villager (Male) |
| 19:13 | Queue | Villager (Male) |
| 19:13 | Queue | Villager (Male) |
| 19:14 | Queue | Villager (Male) |
| 19:17 | Queue | Villager (Male) |
| 19:17 | Queue | Villager (Male) |
| 19:18 | Queue | Villager (Male) |
| 19:19 | Queue | Villager (Male) |
| 19:35 | Queue | Villager (Male) |
| 19:36 | Queue | Villager (Male) |
| 19:38 | Queue | Villager (Male) |
| 19:48 | Build | Farm |
| 19:48 | Queue | Villager (Male) |
| 19:48 | Queue | Villager (Male) |
| 19:49 | Queue | Villager (Male) |
| 19:49 | Queue | Villager (Male) |
| 19:54 | Build | House |
| 19:55 | Build | House |
| 19:57 | Queue | Villager (Male) ×3 |
| 20:14 | Build | Farm |
| 20:15 | Build | Farm |
| 20:16 | Build | Farm |
| 20:17 | Build | Farm |
| 20:18 | Build | Farm |
| 20:19 | Build | Farm |
| 20:23 | Queue | Villager (Male) |
| 20:31 | Build | Farm |
| 20:32 | Build | Farm |
| 20:33 | Build | Farm |
| 20:35 | Build | Farm |
| 20:41 | Build | Farm |
| 20:44 | Build | Farm |
| 20:46 | Queue | Villager (Male) ×3 |
| 21:00 | Build | House |
| 21:06 | Queue | Villager (Male) ×3 |
| 21:10 | Build | House |
| 21:31 | Build | Town Center |
| 21:33 | Queue | Villager (Male) ×4 |
| 21:42 | Build | Farm |
| 21:46 | Build | Farm |
| 21:51 | Build | House |
| 21:53 | Build | House |
| 21:57 | Build | Farm |
| 21:59 | Queue | Villager (Male) ×5 |
| 21:59 | Queue | Villager (Male) |
| 22:16 | Research | Gold Mining |
| 22:22 | Build | House |
| 22:23 | Build | House |
| 22:26 | Queue | Villager (Male) ×3 |
| 22:30 | Build | House |
| 22:42 | Build | Mining Camp |
| 22:46 | Research | Stone Mining |
| 22:48 | Queue | Villager (Male) ×3 |
| 22:52 | Queue | Villager (Male) |
| 22:54 | Queue | Villager (Male) |
| 23:08 | Build | Farm |
| 23:10 | Build | Farm |
| 23:10 | Build | Farm |
| 23:13 | Build | Farm |
| 23:15 | Build | Farm |
| 23:18 | Build | Mill |
| 23:23 | Queue | Villager (Male) ×5 |
| 23:23 | Queue | Villager (Male) ×5 |
| 23:29 | Build | Farm |
| 23:32 | Build | House |
Match timeline
| 9:25 | [GDL] turbojj · age_up feudal |
| 10:56 | Manco 1 - Maupollo · age_up feudal |
| 10:58 | ShellyBlackJack · age_up feudal |
| 11:04 | 4-_-Dreams · age_up feudal |
| 13:17 | 4-_-Dreams · first_market_sell 100 wood |
| 13:53 | ShellyBlackJack · age_up castle |
| 14:47 | Manco 1 - Maupollo · age_up castle |
| 15:19 | ShellyBlackJack · first_building Monastery |
| 16:23 | [GDL] turbojj · age_up castle |
| 16:25 | ShellyBlackJack · wall_segment Palisade Wall x1 |
| 16:26 | ShellyBlackJack · wall_segment Palisade Wall x1 |
| 17:25 | [GDL] turbojj · first_building Monastery |
| 17:54 | 4-_-Dreams · age_up castle |
| 17:56 | Manco 1 - Maupollo · first_building Monastery |
| 20:48 | ShellyBlackJack · first_building Stable |
| 23:04 | Manco 1 - Maupollo · first_building Barracks |
| 23:39 | 4-_-Dreams · first_building Siege Workshop |
| 24:22 | 4-_-Dreams · first_building Barracks |
| 24:36 | Manco 1 - Maupollo · first_market_sell 100 food |
| 24:38 | [GDL] turbojj · first_building Barracks |
| 25:26 | Manco 1 - Maupollo · first_building Siege Workshop |
| 25:43 | [GDL] turbojj · first_building Stable |
| 25:54 | ShellyBlackJack · first_building Siege Workshop |
| 26:00 | [GDL] turbojj · first_building Archery Range |
| 26:29 | ShellyBlackJack · age_up imperial |
| 26:35 | ShellyBlackJack · first_building Castle |
| 27:40 | 4-_-Dreams · first_building Castle |
| 28:00 | [GDL] turbojj · age_up imperial |
| 28:19 | [GDL] turbojj · first_building Castle |
| 29:13 | Manco 1 - Maupollo · age_up imperial |
| 29:17 | Manco 1 - Maupollo · first_building Castle |
| 30:13 | 4-_-Dreams · age_up imperial |
| 31:18 | Manco 1 - Maupollo · wall_segment Stone Wall x1 |
| 32:01 | [GDL] turbojj · first_market_sell 100 wood |
| 34:11 | Manco 1 - Maupollo · wall_segment Stone Wall x8 |
| 35:27 | 4-_-Dreams · first_market_buy 100 stone |
| 36:07 | [GDL] turbojj · resign |
[ AI ANALYSIS · 1 CREDIT ]
What really happened in this match?
Wolo.gg analyzes every decision: build order, eco, micro, common mistakes by bracket. Personalized analysis on WhatsApp or Discord in 30 seconds.
Civ guide
Ethiopians
Perfil
Jugador #2576847